TOP OF THE 1ST |
Westwood Sixshooters batting - Pitching for Tacoma Fur Traders : LHP César González
|
Pitching: LHP César González
|
|
Batting: RHB Manuel Becerra
|
0-0: Ball 1-0: Called Strike 1-1: Ball 2-1: Foul Ball, location: 2F 2-2: Foul Ball, location: 2F 2-2: Ball 3-2: Strikes out looking
|
Batting: RHB Sergio Martínez
|
0-0: Called Strike 0-1: Ball 1-1: Swinging Strike 1-2: Strikes out looking
|
Batting: RHB Wes Shannon
|
0-0: Fly out, F8 (Flyball, 8LM)
|
Top of the 1st over - 0 run(s), 0 hit(s), 0 error(s), 0 left on base; Westwood 0 - Tacoma 0 |
BOTTOM OF THE 1ST |
Tacoma Fur Traders batting - Pitching for Westwood Sixshooters : RHP Joe Dow
|
Pitching: RHP Joe Dow
|
|
Batting: RHB Julián Salcido
|
0-0: Fly out, F8 (Flyball, 8RS)
|
Batting: RHB Mike Daniels
|
0-0: Ball 1-0: Called Strike 1-1: Ball 2-1: Foul Ball, location: 2F 2-2: Ground out 1-3 (Groundball, 13S)
|
Batting: RHB Jim Unknown
|
0-0: Called Strike 0-1: Foul Ball, location: 2F 0-2: Ball 1-2: SINGLE (Groundball, 4MD)
|
Batting: LHB Jim Unknown
|
0-0: Ball 1-0: Fly out, F6 (Popup, 5D)
|
Bottom of the 1st over - 0 run(s), 1 hit(s), 0 error(s), 1 left on base; Westwood 0 - Tacoma 0 |
TOP OF THE 2ND |
Westwood Sixshooters batting - Pitching for Tacoma Fur Traders : LHP César González
|
Batting: LHB José Martínez
|
0-0: Ball 1-0: Foul Ball, location: 2F 1-1: Ball 2-1: Fly out, F8 (Line Drive, 8LM)
|
Batting: RHB Ronnie Cleveland
|
0-0: Fly out, F5 (Popup, 15)
|
Batting: RHB Aurelio García
|
0-0: Ball 1-0: Called Strike 1-1: Ball 2-1: Called Strike 2-2: Ball 3-2: Base on Balls
|
Batting: RHB Jeremiah Howard
|
0-0: Ball 1-0: Ball 2-0: Foul Ball, location: 2F 2-1: Foul Ball, location: 2F 2-2: Ball Aurelio García steals 2nd base 3-2: Base on Balls
|
Batting: RHB Jorge Morales
|
0-0: Ball 1-0: Ball 2-0: Called Strike 2-1: Ball 3-1: TRIPLE (Flyball, 9LM) Aurelio García scores Jeremiah Howard scores
|
Batting: RHB Richard Hicks
|
0-0: Swinging Strike 0-1: SINGLE (Flyball, 8RS) Jorge Morales scores
|
Batting: RHB Manuel Becerra
|
0-0: Called Strike 0-1: Ball 1-1: Ground out 5-3 (Groundball, 5L)
|
Top of the 2nd over - 3 run(s), 2 hit(s), 0 error(s), 1 left on base; Westwood 3 - Tacoma 0 |
BOTTOM OF THE 2ND |
Tacoma Fur Traders batting - Pitching for Westwood Sixshooters : RHP Joe Dow
|
Batting: RHB Jim Unknown
|
0-0: Foul Ball, location: 2F 0-1: Foul Ball, location: 2F 0-2: Ball 1-2: Foul Ball, location: 2F 1-2: Ball 2-2: SINGLE (Line Drive, 9LM)
|
Batting: RHB Gonzalo Manuel
|
0-0: Ball 1-0: Ball 2-0: Foul Ball, location: 2F 2-1: Swinging Strike 2-2: Strikes out swinging
|
Batting: RHB Rex Long
|
0-0: Ball Wild Pitch! Jim Unknown to second 1-0: Foul Ball, location: 2F 1-1: Fly out, F8 (Flyball, 8LM)
|
Batting: RHB Jim Unknown
|
0-0: Ball 1-0: Ball 2-0: Foul Ball, location: 2F 2-1: Ball 3-1: Called Strike 3-2: Base on Balls
|
Batting: LHB Jim Unknown
|
0-0: Ball 1-0: Called Strike 1-1: Foul Ball, location: 2F 1-2: Strikes out looking
|
Bottom of the 2nd over - 0 run(s), 1 hit(s), 0 error(s), 2 left on base; Westwood 3 - Tacoma 0 |
TOP OF THE 3RD |
Westwood Sixshooters batting - Pitching for Tacoma Fur Traders : LHP César González
|
Batting: RHB Sergio Martínez
|
0-0: Ball 1-0: Foul Ball, location: 2F 1-1: Foul Ball, location: 2F 1-2: Ball 2-2: Ball 3-2: SINGLE (Groundball, 6M) (infield hit)
|
Batting: RHB Wes Shannon
|
0-0: Called Strike 0-1: Called Strike 0-2: Ball 1-2: Foul Ball, location: 2F 1-2: Strikes out swinging
|
Batting: LHB José Martínez
|
0-0: Called Strike Sergio Martínez steals 2nd base 0-1: Ball 1-1: Fly out, F7 (Flyball, 7M)
|
Batting: RHB Ronnie Cleveland
|
0-0: Ball 1-0: Ball 2-0: Called Strike 2-1: Foul Ball, location: 2F 2-2: Foul Ball, location: 2F 2-2: Foul Ball, location: 2F 2-2: Strikes out swinging
|
Top of the 3rd over - 0 run(s), 1 hit(s), 0 error(s), 1 left on base; Westwood 3 - Tacoma 0 |
BOTTOM OF THE 3RD |
Tacoma Fur Traders batting - Pitching for Westwood Sixshooters : RHP Joe Dow
|
Batting: RHB Julián Salcido
|
0-0: Called Strike 0-1: Swinging Strike 0-2: Ball 1-2: Ball 2-2: Ball 3-2: Strikes out looking
|
Batting: RHB Mike Daniels
|
0-0: Foul Ball, location: 2F 0-1: Ball 1-1: Fly out, F3 (Popup, 34S)
|
Batting: RHB Jim Unknown
|
0-0: Called Strike 0-1: Ball 1-1: Called Strike 1-2: Fly out, F3 (Popup, 3S)
|
Bottom of the 3rd over - 0 run(s), 0 hit(s), 0 error(s), 0 left on base; Westwood 3 - Tacoma 0 |
TOP OF THE 4TH |
Westwood Sixshooters batting - Pitching for Tacoma Fur Traders : LHP César González
|
Batting: RHB Aurelio García
|
0-0: Ball 1-0: Ball Error on foul ball, E2 2-1: Foul Ball, location: 2F 2-2: Foul Ball, location: 2F 2-2: Foul Ball, location: 2F 2-2: Foul Ball, location: 2F 2-2: Ball 3-2: Reached on error, E1 (Groundball, 13)
|
Batting: RHB Jeremiah Howard
|
0-0: Ball 1-0: Foul Ball, location: 2F 1-1: Ball 2-1: Foul Ball, location: 2F 2-2: Ball 3-2: Fly out, F9 (Popup, 9S)
|
Batting: RHB Jorge Morales
|
0-0: Ball 1-0: Foul Ball, location: 2F 1-1: Ball 2-1: Called Strike 2-2: Strikes out swinging
|
Batting: RHB Richard Hicks
|
0-0: Ball 1-0: Called Strike 1-1: Ball 2-1: Ground out 4-3 (Groundball, 4)
|
Top of the 4th over - 0 run(s), 0 hit(s), 2 error(s), 1 left on base; Westwood 3 - Tacoma 0 |
BOTTOM OF THE 4TH |
Tacoma Fur Traders batting - Pitching for Westwood Sixshooters : RHP Joe Dow
|
Batting: LHB Jim Unknown
|
0-0: Foul Ball, location: 2F 0-1: Ball 1-1: Fly out, F4 (Line Drive, 34)
|
Batting: RHB Jim Unknown
|
0-0: Ball 1-0: Swinging Strike 1-1: SINGLE (Line Drive, 34S)
|
Batting: RHB Gonzalo Manuel
|
0-0: Ball 1-0: Swinging Strike 1-1: Ball 2-1: Foul Ball, location: 2F 2-2: Foul Ball, location: 2F 2-2: Fly out, F4 (Popup, 4M)
|
Batting: RHB Rex Long
|
0-0: Called Strike 0-1: Ball 1-1: Foul Ball, location: 2F 1-2: Ball 2-2: Strikes out swinging
|
Bottom of the 4th over - 0 run(s), 1 hit(s), 0 error(s), 1 left on base; Westwood 3 - Tacoma 0 |
TOP OF THE 5TH |
Westwood Sixshooters batting - Pitching for Tacoma Fur Traders : LHP César González
|
Batting: RHB Manuel Becerra
|
0-0: Ball 1-0: Called Strike 1-1: Foul Ball, location: 2F 1-2: SINGLE (Popup, 9S)
|
Batting: RHB Sergio Martínez
|
0-0: Sac Bunt - play at first, batter OUT! 3-4 Manuel Becerra to second
|
Batting: RHB Wes Shannon
|
0-0: Intentional Walk
|
Batting: LHB José Martínez
|
0-0: Foul Ball, location: 2F 0-1: DOUBLE (Line Drive, 9LM) Manuel Becerra scores Wes Shannon to third Runner from 3rd tries for Home, SAFE, throw made home
|
Batting: RHB Ronnie Cleveland
|
0-0: Ball 1-0: Swinging Strike 1-1: Called Strike 1-2: Ball 2-2: Strikes out swinging
|
Batting: RHB Aurelio García
|
0-0: Ball 1-0: Called Strike 1-1: Swinging Strike 1-2: Ball 2-2: Foul Ball, location: 2F 2-2: Ball 3-2: Strikes out swinging
|
Top of the 5th over - 2 run(s), 2 hit(s), 0 error(s), 1 left on base; Westwood 5 - Tacoma 0 |
BOTTOM OF THE 5TH |
Tacoma Fur Traders batting - Pitching for Westwood Sixshooters : RHP Joe Dow
|
Batting: RHB Jim Unknown
|
0-0: Ball 1-0: Foul Ball, location: 2F 1-1: Ball 2-1: Ball 3-1: SINGLE (Groundball, 56D)
|
Batting: LHB Jim Unknown
|
0-0: Swinging Strike 0-1: Ball 1-1: Ball 2-1: Fly out, F8 (Flyball, 78M)
|
Batting: RHB Julián Salcido
|
0-0: Ball 1-0: Fielders Choice at 2nd, 5-4 (Groundball, 56)
|
Batting: RHB Mike Daniels
|
0-0: Ball 1-0: Ball 2-0: Foul Ball, location: 2F 2-1: Swinging Strike 2-2: Ball 3-2: Strikes out looking
|
Bottom of the 5th over - 0 run(s), 1 hit(s), 0 error(s), 1 left on base; Westwood 5 - Tacoma 0 |
TOP OF THE 6TH |
Westwood Sixshooters batting - Pitching for Tacoma Fur Traders : LHP César González
|
Batting: RHB Jeremiah Howard
|
0-0: Ball 1-0: Ball 2-0: Ball 3-0: Base on Balls
|
Pitching: RHP Edward Scott
|
|
Batting: RHB Jorge Morales
|
0-0: Sac Bunt - play at first, batter OUT! 1-3 Jeremiah Howard to second
|
Batting: RHB Richard Hicks
|
0-0: Foul Ball, location: 2F 0-1: Ball 1-1: Ball 2-1: Ground out U3 (Groundball, 3S) Jeremiah Howard to third
|
Batting: RHB Manuel Becerra
|
0-0: Ball 1-0: Ball 2-0: Called Strike 2-1: Ball 3-1: Base on Balls
|
Batting: RHB Sergio Martínez
|
0-0: Ball 1-0: Ball 2-0: 3-RUN HOME RUN (Line Drive, 9D), Distance : 380 ft
|
Batting: RHB Wes Shannon
|
0-0: Ball 1-0: Called Strike 1-1: Ball 2-1: Called Strike 2-2: Strikes out swinging
|
Top of the 6th over - 3 run(s), 1 hit(s), 0 error(s), 0 left on base; Westwood 8 - Tacoma 0 |
BOTTOM OF THE 6TH |
Tacoma Fur Traders batting - Pitching for Westwood Sixshooters : RHP Joe Dow
|
Batting: RHB Jim Unknown
|
0-0: Called Strike 0-1: Ball 1-1: Called Strike 1-2: Strikes out swinging
|
Batting: LHB Jim Unknown
|
0-0: Ball 1-0: Called Strike 1-1: Ball 2-1: Foul Ball, location: 2F 2-2: Foul Ball, location: 2F 2-2: Ball 3-2: Foul Ball, location: 2F 3-2: Foul Ball, location: 2F 3-2: Strikes out looking
|
Batting: RHB Jim Unknown
|
0-0: Ball 1-0: Fly out, F9 (Flyball, 89D)
|
Bottom of the 6th over - 0 run(s), 0 hit(s), 0 error(s), 0 left on base; Westwood 8 - Tacoma 0 |
TOP OF THE 7TH |
Westwood Sixshooters batting - Pitching for Tacoma Fur Traders : RHP Edward Scott
|
Batting: LHB José Martínez
|
0-0: Ball 1-0: Ball 2-0: Called Strike 2-1: Foul Ball, location: 2F 2-2: Foul Ball, location: 2F 2-2: Foul Ball, location: 2F 2-2: Strikes out looking
|
Batting: RHB Ronnie Cleveland
|
0-0: Ball 1-0: Foul Ball, location: 2F 1-1: Swinging Strike 1-2: Ball 2-2: Strikes out looking
|
Batting: RHB Aurelio García
|
0-0: Ball 1-0: Foul Ball, location: 2F 1-1: Ball 2-1: Foul Ball, location: 2F 2-2: SINGLE (Line Drive, 4M)
|
Batting: RHB Jeremiah Howard
|
0-0: Called Strike 0-1: Called Strike 0-2: Ball Wild Pitch! Aurelio García to second 1-2: Foul Ball, location: 2F 1-2: Ball 2-2: Ground out 4-3 (Groundball, 4)
|
Top of the 7th over - 0 run(s), 1 hit(s), 0 error(s), 1 left on base; Westwood 8 - Tacoma 0 |
BOTTOM OF THE 7TH |
Tacoma Fur Traders batting - Pitching for Westwood Sixshooters : RHP Joe Dow
|
Batting: RHB Gonzalo Manuel
|
0-0: Called Strike 0-1: Foul Ball, location: 2F 0-2: Ground out 6-3 (Groundball, 6)
|
Now at SS: Luis Medina
|
|
Batting: RHB Rex Long
|
0-0: SINGLE (Line Drive, 4D)
|
Pitching: RHP Paul Abbott
|
|
Batting: RHB Jim Unknown
|
0-0: Ball 1-0: Ball 2-0: Called Strike 2-1: Swinging Strike 2-2: Foul Ball, location: 2F 2-2: Foul Ball, location: 2F 2-2: Strikes out looking
|
Batting: LHB Jim Unknown
|
0-0: Swinging Strike 0-1: Ball 1-1: Ball 2-1: Foul Ball, location: 2F 2-2: Strikes out swinging
|
Bottom of the 7th over - 0 run(s), 1 hit(s), 0 error(s), 1 left on base; Westwood 8 - Tacoma 0 |
TOP OF THE 8TH |
Westwood Sixshooters batting - Pitching for Tacoma Fur Traders : RHP Edward Scott
|
Pitching: LHP Steve Adkins
|
|
Batting: RHB Jorge Morales
|
0-0: Ball 1-0: Called Strike 1-1: Foul Ball, location: 2F 1-2: SINGLE (Line Drive, 6MD)
|
Batting: RHB Richard Hicks
|
0-0: Called Strike 0-1: Bunted foul 0-2: Foul Ball, location: 2F 0-2: Fly out, F9 (Line Drive, 89M)
|
Batting: RHB Manuel Becerra
|
0-0: SINGLE (Line Drive, 56) Jorge Morales to second
|
Batting: LHB Luis Medina
|
0-0: Ball 1-0: SINGLE (Groundball, 4MD) Jorge Morales to third Manuel Becerra to second
|
Batting: RHB Wes Shannon
|
0-0: Foul Ball, location: 2F 0-1: Foul Ball, location: 2F 0-2: Foul Ball, location: 2F 0-2: Strikes out swinging
|
Batting: LHB José Martínez
|
0-0: Called Strike 0-1: Foul Ball, location: 2F 0-2: SINGLE (Line Drive, 7LS) Jorge Morales scores Manuel Becerra to third Luis Medina to second
|
Batting: RHB Ronnie Cleveland
|
0-0: Ball 1-0: Ball 2-0: Called Strike 2-1: Fly out, F8 (Flyball, 8RS)
|
Top of the 8th over - 1 run(s), 4 hit(s), 0 error(s), 3 left on base; Westwood 9 - Tacoma 0 |
BOTTOM OF THE 8TH |
Tacoma Fur Traders batting - Pitching for Westwood Sixshooters : RHP Paul Abbott
|
Batting: RHB Julián Salcido
|
0-0: Called Strike 0-1: Ball 1-1: SINGLE (Line Drive, 6D)
|
Batting: RHB Mike Daniels
|
0-0: Ball 1-0: Foul Ball, location: 2F 1-1: Ball 2-1: Ball 3-1: Foul Ball, location: 2F 3-2: Base on Balls Julián Salcido to second
|
Pinch Hitting: RHB Jim Unknown
|
0-0: Ball 1-0: Ball 2-0: Ball 3-0: Called Strike 3-1: Base on Balls Julián Salcido to third Mike Daniels to second
|
Batting: LHB Jim Unknown
|
0-0: Ball 1-0: Ball 2-0: Foul Ball, location: 2F 2-1: Ball Wild Pitch! Julián Salcido scores Mike Daniels to third Jim Unknown to second 3-1: Base on Balls
|
Batting: RHB Jim Unknown
|
0-0: SINGLE (Line Drive, 6MD) Mike Daniels scores Jim Unknown to third Jim Unknown to second
|
Batting: RHB Gonzalo Manuel
|
0-0: Ball 1-0: Ball 2-0: Ball 3-0: Called Strike 3-1: Foul Ball, location: 2F 3-2: Base on Balls Jim Unknown scores Jim Unknown to third Jim Unknown to second
|
Batting: RHB Rex Long
|
0-0: Called Strike 0-1: Swinging Strike 0-2: Ball 1-2: Fly out, F2 (Popup, 2LF)
|
Batting: RHB Jim Unknown
|
0-0: Ball 1-0: Ball 2-0: Called Strike 2-1: Ball 3-1: Base on Balls Jim Unknown scores Jim Unknown to third Gonzalo Manuel to second
|
Pitching: LHP Don Bender
|
|
Batting: LHB Jim Unknown
|
0-0: Ball 1-0: SINGLE (Line Drive, 6) Jim Unknown scores Gonzalo Manuel to third Jim Unknown to second Runner from 3rd tries for Home, SAFE, no throw or cutoff
|
Batting: RHB Julián Salcido
|
0-0: Ball 1-0: Ball 2-0: DOUBLE (Line Drive, 89M) Jim Unknown scores Jim Unknown to third
|
Batting: RHB Mike Daniels
|
0-0: Ground out 4-3 (Groundball, 4) Jim Unknown scores Julián Salcido to third
|
Batting: RHB Jim Unknown
|
0-0: Ball 1-0: Ball 2-0: Called Strike 2-1: Ball 3-1: Base on Balls
|
Batting: LHB Jim Unknown
|
0-0: Called Strike 0-1: Foul Ball, location: 2F 0-2: Ball 1-2: Foul Ball, location: 2F 1-2: Foul Ball, location: 2F 1-2: Ball 2-2: Ball 3-2: Base on Balls Jim Unknown to second
|
Pinch Hitting: RHB Ronald Hines
|
0-0: Ball 1-0: Foul Ball, location: 2F 1-1: Foul Ball, location: 2F 1-2: Fly out, F8 (Flyball, 8LXD)
|
Bottom of the 8th over - 8 run(s), 4 hit(s), 0 error(s), 3 left on base; Westwood 9 - Tacoma 8 |
TOP OF THE 9TH |
Westwood Sixshooters batting - Pitching for Tacoma Fur Traders : LHP Steve Adkins
|
Pitching: RHP Luis Fernández
|
|
Now at 3B: Jim Unknown
|
|
Now in LF: Jim Unknown
|
|
Batting: RHB Aurelio García
|
0-0: Called Strike 0-1: Foul Ball, location: 2F 0-2: Ball 1-2: Ball 2-2: SINGLE (Groundball, 23) (infield hit)
|
Pitching: RHP Jim Unknown
|
|
Batting: RHB Jeremiah Howard
|
|
Pinch Hitting: RHB Jason Boyer
|
0-0: Called Strike Aurelio García is caught stealing 2nd base 0-1: SINGLE (Groundball, 6D)
|
Batting: RHB Jorge Morales
|
0-0: Swinging Strike 0-1: Called Strike 0-2: Strikes out swinging
|
Pinch Hitting: LHB Brian Boone
|
0-0: Ball 1-0: Fly out, F7 (Flyball, 78M)
|
Top of the 9th over - 0 run(s), 2 hit(s), 0 error(s), 1 left on base; Westwood 9 - Tacoma 8 |
BOTTOM OF THE 9TH |
Tacoma Fur Traders batting - Pitching for Westwood Sixshooters : LHP Don Bender
|
Pitching: RHP Cisco Ortega
|
|
Now at C: Jim Unknown
|
|
Now at 1B: Don Thomas
|
|
Batting: RHB Gonzalo Manuel
|
0-0: Ball 1-0: Called Strike 1-1: Ball 2-1: SINGLE (Flyball, 89S)
|
Batting: RHB Rex Long
|
0-0: Sac Bunt - play at first, batter OUT! 5-4 Gonzalo Manuel to second
|
Batting: RHB Jim Unknown
|
0-0: Ball 1-0: Foul Ball, location: 2F 1-1: Ball 2-1: Ball 3-1: Foul Ball, location: 2F 3-2: Base on Balls
|
Batting: LHB Jim Unknown
|
0-0: Ball 1-0: Foul Ball, location: 2F 1-1: Grounds into double play, 4-6-3 (Groundball, 4)
|
Bottom of the 9th over - 0 run(s), 1 hit(s), 0 error(s), 1 left on base; Westwood 9 - Tacoma 8 |
|